TOP OF THE 1ST |
Calgary Lynx batting - Pitching for Port Royal Disaster : RHP Cipriano Costa
|
Pitching: RHP Cipriano Costa
|
|
Batting: SHB Tom Craft
|
0-0: Called Strike 0-1: Called Strike 0-2: Foul Ball, location: 2F 0-2: Fly out, F8 (Popup, 6MD)
|
Batting: RHB Jim Browning
|
0-0: Ball 1-0: Ball 2-0: Ball 3-0: Called Strike 3-1: Base on Balls
|
Batting: RHB Forest Simmons
|
0-0: Ball 1-0: Called Strike 1-1: Ball 2-1: Grounds into double play, 5-4-3 (Groundball, 5L)
|
Top of the 1st over - 0 run(s), 0 hit(s), 0 error(s), 0 left on base; Calgary 0 - Port Royal 0 |
BOTTOM OF THE 1ST |
Port Royal Disaster batting - Pitching for Calgary Lynx : RHP Jorge Rivas
|
Pitching: RHP Jorge Rivas
|
|
Batting: LHB Chris Whiteside
|
0-0: Ball 1-0: Foul Ball, location: 2F 1-1: Called Strike 1-2: Foul Ball, location: 2F 1-2: Ball 2-2: Ground out 4-3 (Groundball, 4)
|
Batting: SHB Tim Moss
|
0-0: Called Strike 0-1: Ball 1-1: Fly out, F4 (Popup, 4D)
|
Batting: RHB Mike Green
|
0-0: Ball 1-0: Called Strike 1-1: Foul Ball, location: 2F 1-2: Foul Ball, location: 2F 1-2: SINGLE (Line Drive, 78S)
|
Batting: RHB Toshitsugu Sakamoto
|
0-0: Called Strike 0-1: Fly out, F6 (Line Drive, 6M)
|
Bottom of the 1st over - 0 run(s), 1 hit(s), 0 error(s), 1 left on base; Calgary 0 - Port Royal 0 |
TOP OF THE 2ND |
Calgary Lynx batting - Pitching for Port Royal Disaster : RHP Cipriano Costa
|
Batting: RHB Pancho Salaedo
|
0-0: Called Strike 0-1: Ball 1-1: Swinging Strike 1-2: Strikes out swinging
|
Batting: SHB Vasco Paradela
|
0-0: SINGLE (Groundball, 6MD)
|
Batting: RHB Pepe Medina
|
0-0: Ball 1-0: Grounds into double play, 6-4-3 (Groundball, 6)
|
Top of the 2nd over - 0 run(s), 1 hit(s), 0 error(s), 0 left on base; Calgary 0 - Port Royal 0 |
BOTTOM OF THE 2ND |
Port Royal Disaster batting - Pitching for Calgary Lynx : RHP Jorge Rivas
|
Batting: RHB Michael Riley
|
0-0: Foul Ball, location: 2F 0-1: Ball 1-1: Called Strike 1-2: Foul Ball, location: 2F 1-2: Foul Ball, location: 2F 1-2: Ball 2-2: Strikes out looking
|
Batting: RHB Clement Fields
|
0-0: Fly out, F7 (Flyball, 78M)
|
Batting: LHB Keith McKnight
|
0-0: Ball 1-0: Bunted foul 1-1: Ground out 4-3 (Groundball, 4M)
|
Bottom of the 2nd over - 0 run(s), 0 hit(s), 0 error(s), 0 left on base; Calgary 0 - Port Royal 0 |
TOP OF THE 3RD |
Calgary Lynx batting - Pitching for Port Royal Disaster : RHP Cipriano Costa
|
Batting: LHB Herman Gilliland
|
0-0: Called Strike 0-1: Ball 1-1: Ground out 4-3 (Groundball, 4)
|
Batting: RHB Wilbur James
|
0-0: Called Strike 0-1: Ball 1-1: Ground out 5-3 (Groundball, 5)
|
Batting: RHB Luis Fierro
|
0-0: Ball 1-0: Fly out, F7 (Flyball, 7LD)
|
Top of the 3rd over - 0 run(s), 0 hit(s), 0 error(s), 0 left on base; Calgary 0 - Port Royal 0 |
BOTTOM OF THE 3RD |
Port Royal Disaster batting - Pitching for Calgary Lynx : RHP Jorge Rivas
|
Batting: RHB Wayne Rose
|
0-0: Swinging Strike 0-1: Swinging Strike 0-2: Ball 1-2: Ball 2-2: Strikes out swinging
|
Batting: SHB Bob Rogers
|
0-0: Ball 1-0: Called Strike 1-1: Fly out, F7 (Line Drive, 7S)
|
Batting: LHB Chris Whiteside
|
0-0: Ball 1-0: Ball 2-0: SINGLE (Line Drive, 4MD)
|
Batting: SHB Tim Moss
|
0-0: Called Strike 0-1: Ball 1-1: Ball 2-1: Called Strike Chris Whiteside steals 2nd base 2-2: Foul Ball, location: 2F 2-2: SINGLE (Line Drive, 89M) Chris Whiteside to third Runner from 3rd tries for Home, SAFE, no throw or cutoff
|
Batting: RHB Mike Green
|
0-0: Swinging Strike 0-1: Foul Ball, location: 2F 0-2: Ball 1-2: TRIPLE (Flyball, 78XD) Tim Moss scores
|
Batting: RHB Toshitsugu Sakamoto
|
0-0: Ball 1-0: Called Strike 1-1: Ball 2-1: Ball 3-1: Foul Ball, location: 2F 3-2: Foul Ball, location: 2F 3-2: Fly out, F9 (Flyball, 89M)
|
Bottom of the 3rd over - 2 run(s), 3 hit(s), 0 error(s), 1 left on base; Calgary 0 - Port Royal 2 |
TOP OF THE 4TH |
Calgary Lynx batting - Pitching for Port Royal Disaster : RHP Cipriano Costa
|
Batting: SHB Tom Craft
|
0-0: Ball 1-0: Foul Ball, location: 2F 1-1: Ball 2-1: SINGLE (Flyball, 8RS)
|
Batting: RHB Jim Browning
|
0-0: Called Strike 0-1: Foul Ball, location: 2F 0-2: Strikes out swinging
|
Batting: RHB Forest Simmons
|
0-0: Swinging Strike 0-1: SINGLE (Flyball, 8RS) Tom Craft to second Runner from 2nd tries for 3rd, SAFE, no throw or cutoff
|
Batting: RHB Pancho Salaedo
|
0-0: Swinging Strike 0-1: SINGLE (Line Drive, 4MD) Tom Craft scores Forest Simmons to second
|
Batting: SHB Vasco Paradela
|
0-0: Ball 1-0: Foul Ball, location: 2F 1-1: Called Strike 1-2: Strikes out swinging
|
Batting: RHB Pepe Medina
|
0-0: Called Strike 0-1: SINGLE (Groundball, 3S) (infield hit) Forest Simmons to third Pancho Salaedo to second
|
Batting: LHB Herman Gilliland
|
0-0: Fly out, F7 (Flyball, 78D)
|
Top of the 4th over - 1 run(s), 4 hit(s), 0 error(s), 3 left on base; Calgary 1 - Port Royal 2 |
BOTTOM OF THE 4TH |
Port Royal Disaster batting - Pitching for Calgary Lynx : RHP Jorge Rivas
|
Batting: RHB Michael Riley
|
0-0: Ball 1-0: Ball 2-0: Ball 3-0: Called Strike 3-1: Fly out, F9 (Flyball, 9S)
|
Batting: RHB Clement Fields
|
0-0: Ball 1-0: Fly out, F6 (Line Drive, 6M)
|
Batting: LHB Keith McKnight
|
0-0: Called Strike 0-1: Ball 1-1: Called Strike 1-2: Ball 2-2: Ball 3-2: Base on Balls
|
Batting: RHB Wayne Rose
|
0-0: Called Strike 0-1: Swinging Strike 0-2: Strikes out swinging
|
Bottom of the 4th over - 0 run(s), 0 hit(s), 0 error(s), 1 left on base; Calgary 1 - Port Royal 2 |
TOP OF THE 5TH |
Calgary Lynx batting - Pitching for Port Royal Disaster : RHP Cipriano Costa
|
Batting: RHB Wilbur James
|
0-0: Called Strike 0-1: Ball 1-1: Called Strike 1-2: Ball 2-2: Ball 3-2: Foul Ball, location: 2F 3-2: Base on Balls
|
Batting: RHB Luis Fierro
|
0-0: Bunted foul 0-1: Bunt missed! 0-2: Strikes out swinging
|
Batting: SHB Tom Craft
|
0-0: Ball 1-0: Ball 2-0: Ball 3-0: Foul Ball, location: 2F 3-1: Base on Balls Wilbur James to second
|
Batting: RHB Jim Browning
|
0-0: Called Strike 0-1: Called Strike 0-2: Ball 1-2: Ball 2-2: Strikes out swinging
|
Batting: RHB Forest Simmons
|
0-0: Ball 1-0: Called Strike 1-1: Ball 2-1: Called Strike 2-2: Ground out 4-3 (Groundball, 4)
|
Top of the 5th over - 0 run(s), 0 hit(s), 0 error(s), 2 left on base; Calgary 1 - Port Royal 2 |
BOTTOM OF THE 5TH |
Port Royal Disaster batting - Pitching for Calgary Lynx : RHP Jorge Rivas
|
Batting: SHB Bob Rogers
|
0-0: Fly out, F9 (Line Drive, 89M)
|
Batting: LHB Chris Whiteside
|
0-0: Swinging Strike 0-1: Called Strike 0-2: Ball 1-2: Ball 2-2: Ball 3-2: Base on Balls
|
Batting: SHB Tim Moss
|
0-0: Ball 1-0: Ball 2-0: Ball 3-0: Base on Balls Chris Whiteside to second
|
Batting: RHB Mike Green
|
0-0: Foul Ball, location: 2F 0-1: Fly out, F8 (Flyball, 8RXD) Runner from 2nd tags up, SAFE at 3rd, no throw
|
Batting: RHB Toshitsugu Sakamoto
|
0-0: Ball 1-0: Called Strike 1-1: Ball 2-1: Foul Ball, location: 2F 2-2: Foul Ball, location: 2F 2-2: Strikes out swinging
|
Bottom of the 5th over - 0 run(s), 0 hit(s), 0 error(s), 2 left on base; Calgary 1 - Port Royal 2 |
TOP OF THE 6TH |
Calgary Lynx batting - Pitching for Port Royal Disaster : RHP Cipriano Costa
|
Batting: RHB Pancho Salaedo
|
0-0: Ball 1-0: Foul Ball, location: 2F 1-1: Ground out 6-3 (Groundball, 6)
|
Batting: SHB Vasco Paradela
|
0-0: Ball 1-0: Ball 2-0: Ball 3-0: Ground out 4-3 (Groundball, 4)
|
Batting: RHB Pepe Medina
|
0-0: Ball 1-0: SINGLE (Groundball, 34)
|
Batting: LHB Herman Gilliland
|
0-0: Called Strike 0-1: Called Strike 0-2: Ball 1-2: Ball 2-2: Foul Ball, location: 2F 2-2: Fly out, F8 (Flyball, 8LM)
|
Top of the 6th over - 0 run(s), 1 hit(s), 0 error(s), 1 left on base; Calgary 1 - Port Royal 2 |
BOTTOM OF THE 6TH |
Port Royal Disaster batting - Pitching for Calgary Lynx : RHP Jorge Rivas
|
Batting: RHB Michael Riley
|
0-0: Ball 1-0: Ground out 4-3 (Groundball, 4M)
|
Batting: RHB Clement Fields
|
0-0: Ball 1-0: Foul Ball, location: 2F 1-1: Ball 2-1: SINGLE (Groundball, 6MD)
|
Batting: LHB Keith McKnight
|
0-0: Ball 1-0: Fielders Choice at 2nd, 3-6 (Groundball, 3)
|
Batting: RHB Wayne Rose
|
0-0: Ball 1-0: Called Strike 1-1: Ball 2-1: Fly out, F9 (Flyball, 9M)
|
Bottom of the 6th over - 0 run(s), 1 hit(s), 0 error(s), 1 left on base; Calgary 1 - Port Royal 2 |
TOP OF THE 7TH |
Calgary Lynx batting - Pitching for Port Royal Disaster : RHP Cipriano Costa
|
Batting: RHB Wilbur James
|
0-0: SINGLE (Line Drive, 34D)
|
Batting: RHB Luis Fierro
|
0-0: Called Strike 0-1: Foul Ball, location: 2F 0-2: Ball 1-2: Strikes out swinging
|
Batting: SHB Tom Craft
|
0-0: SINGLE (Groundball, 6M) Wilbur James to second Throwing error, E8 Wilbur James scores Tom Craft to second
|
Batting: RHB Jim Browning
|
0-0: Ball 1-0: Ground out 1-3 (Groundball, 23) Tom Craft to third
|
Batting: RHB Forest Simmons
|
0-0: Ball 1-0: Fly out, F8 (Flyball, 8LXD)
|
Top of the 7th over - 1 run(s), 2 hit(s), 1 error(s), 1 left on base; Calgary 2 - Port Royal 2 |
BOTTOM OF THE 7TH |
Port Royal Disaster batting - Pitching for Calgary Lynx : RHP Jorge Rivas
|
Pitching: RHP Millard Kessler
|
|
Pinch Hitting: RHB Stu Shaw
|
0-0: Ground out U3 (Groundball, 3)
|
Batting: LHB Chris Whiteside
|
0-0: Fly out, F5 (Popup, 5F)
|
Batting: SHB Tim Moss
|
0-0: Ball 1-0: Ball 2-0: Called Strike 2-1: Foul Ball, location: 2F 2-2: Fly out, F8 (Flyball, 8LXD)
|
Bottom of the 7th over - 0 run(s), 0 hit(s), 0 error(s), 0 left on base; Calgary 2 - Port Royal 2 |
TOP OF THE 8TH |
Calgary Lynx batting - Pitching for Port Royal Disaster : RHP Cipriano Costa
|
Now at SS: Stu Shaw
|
|
Pinch Hitting: LHB Timmy Appeldoorn
|
0-0: Foul Ball, location: 2F 0-1: Swinging Strike 0-2: Foul Ball, location: 2F 0-2: Foul Ball, location: 2F 0-2: Ball 1-2: Strikes out swinging
|
Batting: SHB Vasco Paradela
|
0-0: Ball 1-0: Ball 2-0: DOUBLE (Line Drive, 78D)
|
Batting: RHB Pepe Medina
|
0-0: Ball 1-0: Ground out 5-3 (Groundball, 5)
|
Batting: LHB Herman Gilliland
|
0-0: Foul Ball, location: 2F 0-1: Ball 1-1: Fly out, F8 (Flyball, 8LM)
|
Top of the 8th over - 0 run(s), 1 hit(s), 0 error(s), 1 left on base; Calgary 2 - Port Royal 2 |
BOTTOM OF THE 8TH |
Port Royal Disaster batting - Pitching for Calgary Lynx : RHP Millard Kessler
|
Now at 2B: Roberto Machado
|
|
Batting: RHB Mike Green
|
0-0: Called Strike 0-1: Ball 1-1: Ground out 5-3 (Groundball, 56)
|
Batting: RHB Toshitsugu Sakamoto
|
0-0: Called Strike 0-1: Fly out, F8 (Line Drive, 8LS)
|
Batting: RHB Michael Riley
|
0-0: Foul Ball, location: 2F 0-1: Ball 1-1: Fly out, F9 (Flyball, 9M)
|
Bottom of the 8th over - 0 run(s), 0 hit(s), 0 error(s), 0 left on base; Calgary 2 - Port Royal 2 |
TOP OF THE 9TH |
Calgary Lynx batting - Pitching for Port Royal Disaster : RHP Cipriano Costa
|
Batting: RHB Wilbur James
|
0-0: Ball 1-0: Foul Ball, location: 2F 1-1: Foul Ball, location: 2F 1-2: Foul Ball, location: 2F 1-2: Ball 2-2: Fly out, F9 (Flyball, 9M)
|
Batting: RHB Luis Fierro
|
0-0: Foul Ball, location: 2F 0-1: Ball 1-1: Called Strike 1-2: Foul Ball, location: 2F 1-2: Ball 2-2: Ball 3-2: Foul Ball, location: 2F 3-2: Fly out, F6 (Popup, 6)
|
Pitching: LHP António Venegas
|
|
Pinch Hitting: RHB Tom Carlson
|
0-0: Ball 1-0: SINGLE (Line Drive, 7LS)
|
Batting: RHB Jim Browning
|
0-0: Called Strike 0-1: Ball 1-1: SINGLE (Groundball, 6MD) Tom Carlson to second Throwing error, E8 Tom Carlson scores Jim Browning to second
|
Batting: RHB Forest Simmons
|
0-0: Called Strike 0-1: Ball 1-1: Called Strike 1-2: Foul Ball, location: 2F 1-2: Foul Ball, location: 2F 1-2: Strikes out swinging
|
Top of the 9th over - 1 run(s), 2 hit(s), 1 error(s), 1 left on base; Calgary 3 - Port Royal 2 |
BOTTOM OF THE 9TH |
Port Royal Disaster batting - Pitching for Calgary Lynx : RHP Millard Kessler
|
Pitching: RHP Jim Unknown
|
|
Now at 1B: Tom Carlson
|
|
Now at 3B: Steve Brewer
|
|
Batting: RHB Clement Fields
|
0-0: Ball 1-0: Ball 2-0: Ball 3-0: Base on Balls
|
Pinch Runner at 1st Brian Boone:
|
|
Batting: LHB Keith McKnight
|
0-0: Sac Bunt - play at first, batter OUT! 1-4 Brian Boone to second
|
Pinch Hitting: LHB Nelson Sanders
|
0-0: Ball 1-0: Called Strike 1-1: SINGLE (Groundball, 6S) Brian Boone to third Runner from 3rd tries for Home, throw and OUT!
|
Batting: RHB Stu Shaw
|
0-0: Called Strike 0-1: Ball 1-1: Foul Ball, location: 2F 1-2: Foul Ball, location: 2F 1-2: Ball 2-2: Strikes out swinging
|
Bottom of the 9th over - 0 run(s), 1 hit(s), 0 error(s), 1 left on base; Calgary 3 - Port Royal 2 |
|